 Dungeon Crawl Stone Soup version 0.30-a0-556-g0a0f5a245f (webtiles) character file.

Game seed: 10422169872936062338

418 Bnni the Vexing (level 7, -1/51 HPs)
             Began as a Formicid Hexslinger on Dec 27, 2022.
             Killed by divine providence
             ... invoked by an orc priest
              (11 damage)
             ... on level 4 of the Dungeon.
             The game lasted 00:08:40 (3395 turns).

Bnni the Vexing (Formicid Hexslinger)               Turns: 3395, Time: 00:08:41

Health: -1/51      AC:  3    Str: 15    XL:     7   Next: 16%
Magic:  1/10       EV: 12    Int: 14    God:
Gold:   173        SH:  0    Dex: 14    Spells: 4/11 levels left

rFire   . . .      SeeInvis +    a - +1 sling
rCold   . . .      Faith    +    (no shield)
rNeg    . . .      Spirit   .    c - +0 robe
rPois   .          Reflect  .    (helmet unavailable)
rElec   .          Harm     .    (no cloak)
rCorr   .          Rampage  .    l - +0 pair of gloves
Will    .....                    (no boots)
Stlth   +                        n - amulet of faith
HPRegen 0.28/turn                (no ring)
MPRegen 0.12/turn                (no ring)

@: flying
A: permanent stasis, dig shafts and tunnels, antennae 3, four strong arms
a: Dig, Shaft Self


You were on level 4 of the Dungeon.
You visited 1 branch of the dungeon, and saw 4 of its levels.

You collected 173 gold pieces.

Inventory:

Hand Weapons
 a - a +1 sling (weapon)
Missiles
 k - a throwing net
Armour
 c - a +0 robe (worn)
 l - a +0 pair of gloves (worn)
Jewellery
 n - an amulet of faith (around neck)
Wands
 i - a wand of roots (3)
Scrolls
 b - a scroll of poison
 e - a scroll of vulnerability {unknown}
 g - a scroll of blinking {unknown}
 h - 3 scrolls of teleportation {unknown}
 m - a scroll of immolation {unknown}
 p - a scroll of fear {unknown}
Potions
 d - a potion of flight
 f - a potion of mutation
 o - a potion of invisibility {unknown}


   Skills:
 + Level 2.8 Fighting
 * Level 4.2 Ranged Weapons
 - Level 1.7 Dodging
 + Level 2.5 Spellcasting
 * Level 5.8 Hexes
 + Level 2.1 Fire Magic


You had 4 spell levels left.
You knew the following spells:

 Your Spells              Type           Power      Damage    Failure   Level
a - Slow                  Hex            72%        N/A       1%          1
b - Inner Flame           Hex/Fire       12%        N/A       13%         3
f - Tukima's Dance        Hex            18%        N/A       6%          3

Your spell library contained the following spells:

 Spells                   Type           Power      Damage    Failure   Level
 Portal Projectile        Hex/Tloc       18%        N/A       21%         3
 Cause Fear               Hex            9%         N/A       21%         4
 Ignite Poison            Fire/Tmut/Pois 3%         N/A       45%         3
 Sticky Flame             Conj/Fire      4%         2d3       82%         4
 Passage of Golubria      Tloc           1%         N/A       92%         4
 Yara's Violent Unravell  Hex/Tmut       4%         3d4       88%         5
 Ignition                 Fire           3%         3d4       100%        8


Dungeon Overview and Level Annotations

Branches:
Dungeon (4/15)
 Temple: D:4-7

Altars:
Wu Jian


Innate Abilities, Weirdness & Mutations

You cannot be hasted, slowed, berserked, paralysed or teleported.
You can dig through walls and to a lower floor.
You have a pair of large antennae on your head. (SInv)
Your four strong arms can wield two-handed weapons with a shield.


Message History

The sling bullet closely misses the orc priest.
The sling bullet hits the orc.
The orc is lightly wounded.
The orc closely misses you. The orc priest closely misses you.
Casting: Slow (safe; 1% risk of failure)
Confirm with . or Enter, or press ? or * to list all spells.
Aiming: Slow (safe; 1% risk of failure)
Press: ? - help, Shift-Dir - straight line, f/p - orc priest
Aim: an orc priest, wielding a +0 morningstar and wearing a +0 leather armour (severely wounded, chance to affect: 50%)
The orc priest seems to slow down.
The orc hits you with a +0 mace.
The orc priest hits you with a +0 morningstar!
* * * LOW HITPOINT WARNING * * *
The orc attacks as you move away! The orc closely misses you.
It was a potion of flight.
You feel very buoyant.
You fly up into the air.
The orc barely misses you.
The orc priest begins to cast a cantrip, but forgets the words!
You shoot a sling bullet.
The sling bullet closely misses the orc.
The sling bullet hits the orc.
The orc is heavily wounded.
The orc closely misses you.
The orc priest calls upon Beogh to heal the orc.
The orc's wounds heal themselves!
Fire: a) +1 sling
Press: ? - help, Shift-Dir - straight line, f - orc priest, p - orc
Aim: an orc priest, wielding a +0 morningstar and wearing a +0 leather armour (severely wounded, slow, 60% to hit)
You shoot a sling bullet. The sling bullet hits the orc.
The orc is heavily wounded.
The orc hits you but does no damage. The orc hits you with a +0 mace.
* * * LOW HITPOINT WARNING * * *
Fire: a) +1 sling
Press: ? - help, Shift-Dir - straight line, f/p - orc priest
Aim: an orc priest, wielding a +0 morningstar and wearing a +0 leather armour (severely wounded, slow, 60% to hit)
You shoot a sling bullet. The sling bullet barely misses the orc.
The sling bullet closely misses the orc.
The sling bullet closely misses the orc priest.
The orc priest mumbles some strange prayers to Beogh against you.
Beogh smites you!
You die...

.............# #.#
#######.###..## #.# #.#
#...####.#
#.###......#.#####
#.................
#.####..>..####### #.#
#..#.## ## #.# #..#.# #.
#@# #..#.# #. #o#
#..#.#######.
########o####............
#......oo.....###...####.
.....o...###### #...# #.
#.######## ####...####.
#.........#. #...........
#.........#.


You could see an orc priest (slow) and 3 orcs.

Vanquished Creatures
  A dancing weapon (D:4)
  A sky beast (D:4)
  An orc priest (D:4)
  A hound (D:4)
  2 iguanas (D:4)
  4 adders
  4 gnolls (D:2)
  2 worms (D:3)
  5 dart slugs
  12 orcs
  4 endoplasms
  3 giant cockroaches
  5 goblins
  4 hobgoblins
  4 jackals (D:2)
  4 kobolds
  2 quokkas
  7 ball pythons
  5 bats
  A frilled lizard (D:1)
  12 rats
84 creatures vanquished.

Vanquished Creatures (collateral kills)
  An orc priest (D:3)
  An orc (D:3)
  A kobold (D:3)
3 creatures vanquished.

Vanquished Creatures (others)
  2 dancing weapons (D:2)
2 creatures vanquished.

Grand Total: 89 creatures vanquished

Notes
Turn   | Place    | Note
-------+----------+-------------------------------------------
     0 | D:1      | Bnni the Formicid Hexslinger began the quest for the Orb.
     0 | D:1      | Reached XP level 1. HP: 15/15 MP: 2/2
   114 | D:1      | Reached XP level 2. HP: 21/21 MP: 3/3
   266 | D:1      | Reached skill level 4 in Hexes
   473 | D:1      | Reached XP level 3. HP: 26/26 MP: 4/4
   477 | D:1      | Learned a level 3 spell: Tukima's Dance
  1052 | D:2      | Reached XP level 4. HP: 32/32 MP: 6/6
  1303 | D:2      | Reached skill level 1 in Fire Magic
  1307 | D:2      | Reached XP level 5. HP: 24/38 MP: 2/7
  1311 | D:2      | Learned a level 3 spell: Inner Flame
  2083 | D:3      | Reached skill level 5 in Hexes
  2195 | D:3      | Reached XP level 6. HP: 20/44 MP: 3/9
  2519 | D:4      | Found an ornate altar of the Wu Jian Council.
  3106 | D:4      | Noticed a sky beast
  3116 | D:4      | Killed a sky beast
  3117 | D:4      | Reached XP level 7. HP: 51/51 MP: 6/10
  3395 | D:4      | Killed from afar by an orc priest

Illustrated notes

Levels and vault maps discovered:
D:1:      minmay_arrival_up_and_down, layout_loops_ring, minmay_rat_gold_closets
D:2:      layout_loops_ring, minmay_hedge_maze
D:3:      layout_rooms, grunt_ministairs_8
D:4:      layout_loops_ring, mainiacjoe_overflow_cross_hatched,
          serial_bayou_ford_a

Skill      XL: |  1  2  3  4  5  6 |
---------------+-------------------+-----
Hexes          | 4 5 |  5.8
Ranged Weapons | 3 4 |  4.2
Fire Magic     | 1 2 |  2.1
Fighting       | 2 |  2.8
Spellcasting   | 2 |  2.5
Dodging        | |  1.7

Action                   |  1- 3 |  4- 6 |  7- 9 || total
-------------------------+-------+-------+-------++-------
 Fire: Sling             |    77 |   191 |    11 ||   279
 Cast: Tukima's Dance    |     1 |     8 |     3 ||    12
       Slow              |     1 |    21 |     2 ||    24
       Inner Flame       |       |     4 |       ||     4
  Use: Potion            |       |     3 |     1 ||     4
       Scroll            |       |     2 |       ||     2
Armor: Robe              |     2 |    20 |     2 ||    24
Dodge: Dodged            |    27 |    83 |     9 ||   119

Table legend: (Time is in decaauts)
 A = Elapsed time spent in this place.
 B = Non-inter-level travel time spent in this place.
 C = Inter-level travel time spent in this place.
 D = Time resting spent in this place.
 E = Time spent auto-exploring this place.
 F = Levels seen in this place.
 G = Mean time per level.
                   A        B        C        D        E       F      G
               +--------+--------+--------+--------+--------+-----+--------+
         Total |   3467 |   3349 |    118 |    434 |   2254 |   4 |  866.8 |
       Dungeon |   3467 |   3349 |    118 |    434 |   2254 |   4 |  866.8 |
               +--------+--------+--------+--------+--------+-----+--------+

Top non-repeatable levels by time:
     D:2: 1087 daAuts
     D:4: 860 daAuts
     D:3: 789 daAuts
     D:1: 729 daAuts
